 Dungeon Crawl Stone Soup version 0.32-a0-699-g1ee5eff69a (webtiles) character file.

Game seed: 11059963013944011079

333 arcshroob the Changeling (level 6, 0/51 HPs)
             Began as a Demonspawn Shapeshifter on Mar 13, 2024.
             Slain by an iguana (9 damage)
             ... on level 4 of the Dungeon.
             The game lasted 00:09:48 (3518 turns).

arcshroob the Changeling (Demonspawn Shapeshifter)  Turns: 3518, Time: 00:09:49

Health: 0/51       AC:  9    Str: 16    XL:     6   Next: 27%
Magic:  5/5        EV: 11    Int: 11    God:
Gold:   204        SH:  0    Dex: 12    Spells: 5/5 levels left

rFire   . . .        k - +1 dagger (protect)
rCold   . . .        (no shield)
rNeg    . . .        a - +0 animal skin
rPois   .            (helmet currently unavailable)
rElec   .            (cloak currently unavailable)
rCorr   .            (gloves currently unavailable)
SInv    .            (boots currently unavailable)
Will    .....        (no amulet)
Stlth   +            (no ring)
HPRegen 0.28/turn    (no ring)
MPRegen 0.09/turn

%: no passive effects
@: beast-form, under a protective aura
A: beast (slay +2), claws 1, horns 1, low MP 1, robust 1
a: Begin Untransformation


You were on level 4 of the Dungeon.
You were a hulking beast.
You visited 1 branch of the dungeon, and saw 4 of its levels.
You also visited: Sewer.

You collected 204 gold pieces.

Inventory:

Hand Weapons
 k - a +1 dagger of protection (weapon)
Missiles
 f - 10 poisoned darts (quivered)
Armour
 a - a +0 animal skin (worn)
Jewellery
 m - a ring of positive energy
Talismans
 c - a beast talisman (active)
 d - a flux talisman
 e - a dragon-blood talisman
Wands
 o - a wand of quicksilver (4)
Scrolls
 b - a scroll of blinking {unknown}
 g - 2 scrolls of noise
 h - a scroll of poison {unknown}
 i - 7 scrolls of teleportation
Potions
 j - a potion of brilliance {unknown}
 l - 3 potions of enlightenment
 n - a potion of heal wounds {unknown}


   Skills:
 - Level 3.2 Fighting
 - Level 3.0 Dodging
 - Level 3.3 Unarmed Combat
 + Level 4.4 Shapeshifting


You had 5 spell levels left.
You didn't know any spells.
Your spell library contained the following spells:

 Spells                   Type           Power      Damage    Failure   Level
 Lesser Beckoning         Tloc           0%         N/A       47%         2
 Gell's Gravitas          Tloc           0%         N/A       71%         3
 Passwall                 Erth           0%         N/A       71%         3
 Teleport Other           Tloc           0%         N/A       71%         3
 Volatile Blastmotes      Fire/Tloc      0%         2d10      71%         3
 Bombard                  Conj/Erth      0%         9d1       100%        6


Dungeon Overview and Level Annotations

Branches:
Dungeon (4/15)              Sewer (visited)
 Temple: D:4-7

Altars:
Kikubaaqudgha

Shops:
D:1 =


Innate Abilities, Weirdness & Mutations

You are a hulking beast.
Your limbs bulge with bestial killing power. (Slay +2)
You have sharp fingernails.
You have a pair of small horns on your head.
Your magical capacity is low. (-10% MP)
You are robust. (+10% HP)


Message History

The hound bites you.
You hit the hound.
The hound is heavily wounded.
The hound closely misses you. The hound barely misses you.
You hit the hound.
The hound is severely wounded.
The hound closely misses you.
You puncture the hound!
You kill the hound!
The ball python bites you but does no damage.
The ball python grabs you. The ball python constricts you.
You barely miss the ball python. Your headbutt misses the ball python.
The ball python barely misses you. The ball python constricts you.
You closely miss the ball python.
The ball python bites you but does no damage.
The ball python constricts you.
You hit the ball python.
The ball python is moderately wounded.
The ball python bites you. The ball python constricts you.
You puncture the ball python!
You kill the ball python!
You barely miss the iguana. The iguana barely misses you.
You hit the iguana but do no damage. The iguana bites you!
You hit the iguana.
The iguana is lightly wounded.
The iguana bites you but does no damage.
You hit the iguana. Your headbutt misses the iguana.
The iguana is heavily wounded.
The iguana bites you.
You hit the iguana but do no damage. Your headbutt misses the iguana.
The iguana is heavily wounded.
The iguana bites you!
* * * LOW HITPOINT WARNING * * *
You hit the iguana but do no damage.
The iguana is heavily wounded.
The iguana misses you.
You hit the iguana but do no damage. You headbutt the iguana.
The iguana is severely wounded.
The iguana bites you!
You die...

.........#.# #
#####.#
.........<.#.# #.#
.........#.#.# #.#
#......>#....# #.#
...........# #.#
#.#...###..#########
#.# #....
#l.........# #.#
##.# #.########.#
#.# #
#.lh.†.....#####.#
##########.......#
#.####### #.#
#.####### #........
#########


You could see an iguana.

Vanquished Creatures
  A crocodile (Sewer)
  A bombardier beetle (D:3)
  A hound (D:4)
  A sickly merfolk siren (Sewer)
  5 adders
  3 river rats (Sewer)
  An orc (D:3)
  A bat (D:3)
  6 endoplasms
  9 giant cockroaches
  3 goblins
  9 hobgoblins
  2 jackals (D:3)
  5 kobolds
  9 quokkas
  12 ball pythons
  9 frilled lizards
  20 rats
98 creatures vanquished.

Notes
Turn   | Place    | Note
-------+----------+-------------------------------------------
     0 | D:1      | arcshroob the Demonspawn Shapeshifter began the quest for
                  | the Orb.
     0 | D:1      | Reached XP level 1. HP: 15/15 MP: 1/1
   372 | D:1      | Found Wiod's Jewellery Boutique.
   508 | D:1      | Discovered your monstrous ancestry.
   508 | D:1      | Gained mutation: You have a pair of small horns on your
                  | head. [demonic ancestry]
   508 | D:1      | Reached XP level 2. HP: 18/21 MP: 2/2
  1271 | D:2      | Reached XP level 3. HP: 26/26 MP: 3/3
  1901 | D:3      | Gained mutation: Your magical capacity is low. (-10% MP)
                  | [potion of mutation]
  1901 | D:3      | Gained mutation: You are robust. (+10% HP) [potion of
                  | mutation]
  2055 | D:3      | Reached XP level 4. HP: 38/38 MP: 3/3
  2252 | D:3      | Found a glowing drain.
  2275 | Sewer    | Entered a sewer
  2393 | Sewer    | Reached skill level 3 in Shapeshifting
  2393 | Sewer    | Reached XP level 5. HP: 33/45 MP: 4/4
  2514 | Sewer    | Noticed a crocodile
  2567 | Sewer    | HP: 1/67 [crocodile (4)]
  2569 | Sewer    | Killed a crocodile
  2570 | Sewer    | Reached skill level 4 in Shapeshifting
  2768 | Sewer    | Gained mutation: You have sharp fingernails. [demonic
                  | ancestry]
  2768 | Sewer    | Reached XP level 6. HP: 51/51 MP: 5/5
  3308 | D:3      | Found an ancient bone altar of Kikubaaqudgha.
  3518 | D:4      | Slain by an iguana

Illustrated notes

Levels and vault maps discovered:
D:1:      saegor_arrival_under_anarchy, layout_basic, serial_shops,
          nicolae_shop_crystal
D:2:      layout_loops_cross, nicolae_kite_square_tiling_tiny,
          nicolae_concentric_dashed_squares_wild
D:3:      minmay_diamond_boxcup, layout_loops_ring,
          mainiacjoe_overflow_six_doors_small, portal_sewer_entry_f
D:4:      layout_loops_ring, minmay_temple_entry_large_hall,
          ebering_ghost_reflecting_pool

Skill      XL: |  1  2  3  4  5 |
---------------+----------------+-----
Dodging        | 2 3 |  3.0
Fighting       | 3 |  3.2
Unarmed Combat | 3 |  3.3
Shapeshifting  | 3 4 |  4.4

Action                     |  1- 3 |  4- 6 || total
---------------------------+-------+-------++-------
  Melee: Unarmed           |    96 |    12 ||   108
         Headbutt          |     7 |    25 ||    32
         Punch             |     2 |       ||     2
         Dagger            |       |   207 ||   207
    Use: Scroll            |     7 |     2 ||     9
         Potion            |     1 |     4 ||     5
   Stab: Sleeping          |     3 |       ||     3
 Armour: Animal skin       |    54 |   113 ||   167
         Skin              |       |    39 ||    39
  Dodge: Dodged            |    56 |   114 ||   170

Table legend: (Time is in decaauts)
 A = Elapsed time spent in this place.
 B = Non-inter-level travel time spent in this place.
 C = Inter-level travel time spent in this place.
 D = Time resting spent in this place.
 E = Time spent auto-exploring this place.
 F = Levels seen in this place.
 G = Mean time per level.
                   A        B        C        D        E       F      G
               +--------+--------+--------+--------+--------+-----+--------+
         Total |   3551 |   3551 |      0 |    349 |   1946 |   5 |  710.2 |
       Dungeon |   2821 |   2821 |      0 |      0 |   1946 |   4 |  705.2 |
         Sewer |    729 |    729 |      0 |    349 |      0 |   1 |  729.0 |
               +--------+--------+--------+--------+--------+-----+--------+

Top non-repeatable levels by time:
     D:1: 1013 daAuts
     D:3: 872 daAuts
     D:2: 816 daAuts
   Sewer: 729 daAuts
     D:4: 119 daAuts
